 Dungeon Crawl Stone Soup version 0.24.0-37-gcf1ca852f1 (webtiles) character file.

Game seed: 14417765060959137871, levelgen mode: deterministic

72 Delamore the Chopper (level 4, 0/39 HPs)
             Began as a Hill Orc Fighter on Nov 23, 2019.
             Killed from afar by an orc wizard (4 damage)
             ... with a magic dart
             ... on level 2 of the Dungeon.
             The game lasted 00:02:06 (1556 turns).

Delamore the Chopper (Hill Orc Fighter)             Turns: 1556, Time: 00:02:06

Health: 0/39       AC:  6    Str: 19    XL:     4   Next: 26%
Magic:  4/4        EV:  7    Int:  8    God:
Gold:   124        SH:  9    Dex: 15    Spells: 3/3 levels left

rFire    . . .     SeeInvis .   a - +0 war axe
rCold    . . .     Gourm    .   c - +0 shield
rNeg     . . .     Faith    .   b - +0 scale mail
rPois    .         Spirit   .   (no helmet)
rElec    .         Reflect  .   (no cloak)
rCorr    .         Harm     .   (no gloves)
MR       .....                  (no boots)
Stlth    ..........             (no amulet)
HPRegen  0.13/turn              (no ring)
MPRegen  0.09/turn              n - +5 ring of dexterity

@: no status effects
A: no striking features
a: no special abilities


You were on level 2 of the Dungeon.
You were not hungry.

You visited 1 branch of the dungeon, and saw 3 of its levels.

You collected 124 gold pieces.

Inventory:

Hand Weapons
 a - a +0 war axe (weapon)
Armour
 b - a +0 scale mail (worn)
 c - a +0 shield (worn)
Jewellery
 m - an uncursed ring of wizardry {unknown}
 n - a +5 ring of dexterity (right hand)
Scrolls
 e - 2 scrolls of remove curse {unknown}
 g - a scroll of fog {unknown}
 h - 3 scrolls of identify {unknown}
 o - a scroll of amnesia {unknown}
Potions
 d - a potion of might
 i - a potion of invisibility {unknown}
 j - a potion of curing {unknown}
 k - a potion of agility {unknown}
 l - a potion of magic {unknown}
 p - a potion of resistance {unknown}
 r - a potion of cancellation {unknown}
 s - 2 potions of heal wounds {unknown}
Comestibles
 f - 5 rations


   Skills:
 - Level 3.6 Fighting
 + Level 5.9 Axes
 - Level 3.2 Armour
 - Level 3.2 Shields


You had 3 spell levels left.
You didn't know any spells.
Your spell library was empty.

Dungeon Overview and Level Annotations

Branches:
Dungeon (3/15)

Altars:
Ashenzari
Cheibriados


Message History

Your shield and scale mail prevent you from hitting the orc wizard.
The orc wizard is moderately wounded.
The orc wizard hits you but does no damage.
You hit the orc wizard.
The orc wizard is severely wounded.
You block the orc wizard's attack.
You hit the orc wizard.
The orc wizard is severely wounded.
The orc wizard casts a spell.
The orc wizard blinks!
Your shield and scale mail prevent you from hitting the orc wizard.
The orc wizard is severely wounded.
The orc wizard casts a spell at you. The magic dart hits you!
* * * LOW HITPOINT WARNING * * *
You closely miss the orc wizard.
The orc wizard is severely wounded.
The orc wizard gestures at you while chanting.
The magic dart hits you.
You die...

#.##..#.###.##.# # #.##..#.#
#.##.# # #.##..#.# #.##.# #
#.###.#.###.##.# #
#.#.........##.# #
#[#.#.#........#####
##############.#.#...#####.......
.............=.o...#.# #.######
##############.#@#.#.# #.#
#.....#.# #.######
################...#.# #......(
............# #.#.#.############
###########.# #.#.#.............
#<# #.################ ### ###


You could see an orc wizard.

Vanquished Creatures
  An orc priest (D:3)
  A worm (D:3)
  2 dart slugs
  2 orcs
  2 giant cockroaches
  3 goblins (D:1)
  7 hobgoblins
  A quokka (D:2)
  2 bats (D:1)
  2 frilled lizards
  5 kobolds
  5 rats
33 creatures vanquished.

Notes
Turn   | Place    | Note
-------+----------+-------------------------------------------
     0 | D:1      | Delamore the Hill Orc Fighter began the quest for the Orb.
     0 | D:1      | Reached XP level 1. HP: 19/19 MP: 1/1
    63 | D:1      | Reached skill level 3 in Axes
   133 | D:1      | Reached XP level 2. HP: 24/26 MP: 2/2
   220 | D:1      | Reached skill level 4 in Axes
   716 | D:2      | Found a shattered altar of Ashenzari.
   927 | D:2      | Found a snail-covered altar of Cheibriados.
  1076 | D:2      | Reached XP level 3. HP: 26/31 MP: 3/3
  1352 | D:3      | Reached skill level 5 in Axes
  1407 | D:3      | Reached XP level 4. HP: 38/39 MP: 4/4
  1556 | D:2      | Killed from afar by an orc wizard

Levels and vault maps discovered:
D:1:      dpeg_arrival_tiny_a, layout_basic
D:2:      layout_basic, overflow_temple_1_default,
          nicolae_overflow_crystal_walls, minmay_misc_feat_secret_circle,
          minmay_misc_feat_enclosed
D:3:      layout_basic, first_ration

Skill      XL: |  1  2  3 |
---------------+----------+-----
Axes           | 3 4 5 |  5.9
Fighting       | |  3.6
Armour         | |  3.2
Shields        | |  3.2

Action                   |  1- 3 |  4- 6 || total
-------------------------+-------+-------++-------
Melee: War axe           |    66 |    29 ||    95
  Eat: Chunk             |     2 |       ||     2
Armor: Scale mail        |    31 |    13 ||    44
Dodge: Dodged            |    17 |    11 ||    28
Block: Shield            |    30 |    11 ||    41
